AoeStats
← pelto

Arabian Desert

510140375Analyzed
1v1 RM · 2d ago on Sep 29, 2026· 34m 0s· 2 players
Game mode
Random Map
Map size
Tiny (2 player)
Population
200
Speed
Normal
Resources
Standard
Victory
Conquest
Starting age
Dark Age
Ending age
Imperial Age
RankedLock teamsTeams togetherTeam positionsShared explorationLock speedFull tech treeHidden civsTurbo modeCheats
Victory
Defeat
🇺🇸 Portuguese · United States
532
+13
🇨🇦 Slavs · Canada
467
-13
maneki_meko
12:48 Feudal Age
18:16 Castle Age
23:15 Pikeman
23:56 Squires
24:14 Double-Bit Axe
26:08 Scale Mail Armor
29:37 Wheelbarrow
28:45 Horse Collar
29:18 Bow Saw
pelto
1:08 Loom
11:39 Feudal Age
13:30 Wheelbarrow
19:05 Town Watch
23:52 Castle Age
22:35 Scale Mail Armor
25:37 Hand Cart
27:07 Scale Barding Armor
29:01 Bloodlines
Connection lost

Rejoining the realm…

Still unreachable

The connection could not be restored.

Session expired

The server has moved on; the page needs a fresh start.